 Dungeon Crawl Stone Soup version 0.23-b1-84-g6588a6b (webtiles) character file.

Game seed: 15472979083571256107

179 Folque the Digger (level 5, 0/61 HPs)
             Began as a Draconian Earth Elementalist on Feb 7, 2019.
             Slain by an orc priest
             ... wielding a +0 dagger
              (4 damage)
             ... on level 3 of the Dungeon.
             The game lasted 00:07:23 (2334 turns).

Folque the Digger (Draconian Earth Elementalist)    Turns: 2334, Time: 00:07:23

Health: 0/61       AC: 22    Str:  7 (10) XL:     5   Next: 32%
Magic:  7/10       EV:  2    Int: 16 (17) God:
Gold:   139        SH:  0    Dex:  8 (11) Spells: 0/11 levels left

rFire    . . .     SeeInvis .   k - +2 dagger (holy)
rCold    . . .     Gourm    .   (no shield)
rNeg     + + +     Faith    .   (armour unavailable)
rPois    +         Spirit   .   (helmet currently unavailable)
rElec    .         Reflect  .   (cloak currently unavailable)
rCorr    .         Harm     .   (gloves currently unavailable)
MR       .....     NoTele   +   (boots currently unavailable)
Stlth    ++........             (no amulet)
HPRegen  0.20/turn              (no ring)
MPRegen  0.12/turn              (no ring)

@: tree-form, very slightly contaminated
A: unfitting armour, AC +5
a: no special abilities


You were on level 3 of the Dungeon.
You were not hungry.
You were a tree.
You visited 1 branch of the dungeon, and saw 3 of its levels.

You collected 139 gold pieces.

Inventory:

Hand Weapons
 a - a +0 short sword
 k - a +2 dagger of holy wrath (weapon)
 o - a +0 vampiric hand axe
 q - a +4 dagger
Missiles
 b - 147 stones (quivered)
Armour
 m - a +0 cloak (melded)
Scrolls
 d - a scroll of remove curse
 e - a scroll of identify {unknown}
 f - a scroll of teleportation
 h - a scroll of fear {unknown}
 j - a scroll of enchant weapon {unknown}
Comestibles
 c - 4 rations
 g - 7 chunks of flesh


   Skills:
 - Level 2.0 Fighting
 - Level 1.7 Dodging
 - Level 1.7 Stealth
 + Level 3.9 Spellcasting
 - Level 1.0 Conjurations
 - Level 1.0 Transmutations
 + Level 4.0 Earth Magic


You couldn't memorise any spells.
You knew the following spells:

 Your Spells              Type           Power        Failure   Level  Hunger
a - Sandblast             Erth           ###...       3%          1    None
b - Passwall              Tmut/Erth      ##......     9%          2    ##.....
c - Stone Arrow           Conj/Erth      ##....       19%         3    ###....
d - Lee's Rapid Deconstr  Erth           ###.......   65%         5    ######.

Your spell library contained the following spells:

 Spells                   Type           Power        Failure   Level  Hunger
 Petrify                  Tmut/Erth      ##......     52%         4    ####...


Dungeon Overview and Level Annotations

Branches:
Dungeon (3/15)

Altars:


Innate Abilities, Weirdness & Mutations

((Your plain brown scales are hard. (AC +5)))
You cannot fit into any form of body armour.
((You are cold-blooded and may be slowed by cold attacks.))


Message History

* * * LOW HITPOINT WARNING * * *
It was a potion of magic.
Magic courses through your body.
The orc priest hits you but does no damage.
It was a potion of degeneration.
There was something very wrong with that liquid.
You feel weakened.
You feel dopey.
You feel clumsy.
The orc priest hits you but does no damage.
Casting: Lee's Rapid Deconstruction (very dangerous; 65% risk of failure)
Confirm with . or Enter, or press ? or * to list all spells.
The spell is very dangerous to cast (65% risk of failure)!
Continue anyway?
Okay, then.
Casting: Lee's Rapid Deconstruction (very dangerous; 65% risk of failure)
Confirm with . or Enter, or press ? or * to list all spells.
Aiming: Stone Arrow (safe; 19% risk of failure)
Press: ? - help, Shift-Dir - straight line, f - orc priest
Aim: an orc priest, wielding a +0 morningstar and wearing a +0 leather armour The stone arrow hits the orc priest!
The orc priest is almost dead.
The orc priest hits you with a +0 dagger.
You die...

###.###.... #.##.#
........... #.##.#
..........# #.##.#
..........# ##.##.#
#......).# #.....#
#.###)### #..#### #...o...#
#..# #.#.##o#####.###..#
#.#.##♣#####......#
#.#.......##.####.##### #.
#.####.##.##...........
♣#.###.# #.##.##..###.####.
.....#.# #.##.##.. #.# #.
#.....####.##.##..# #.# #.
#.#.#......##.##... #.# #.
#.#.#.#######.#....##.####.
#.#.#.#### #.#.....#......


You could see 2 orc priests.

Vanquished Creatures
  An orc priest (D:3)
  An orc wizard (D:3)
  5 adders
  An ooze (D:1)
  2 dart slugs (D:1)
  2 leopard geckos
  5 orcs
  2 ball pythons
  2 giant cockroaches
  10 goblins
  9 hobgoblins
  2 jackals (D:3)
  6 kobolds
  A quokka (D:3)
  7 bats
  3 frilled lizards
  4 rats
63 creatures vanquished.

Notes
Turn   | Place    | Note
-------+----------+-------------------------------------------
     0 | D:1      | Folque the Draconian Earth Elementalist began the quest for
                  | the Orb.
     0 | D:1      | Reached XP level 1. HP: 14/14 MP: 3/3
    59 | D:1      | Reached skill level 1 in Fighting
   389 | D:1      | Reached XP level 2. HP: 23/23 MP: 1/5
   500 | D:1      | Learned a level 2 spell: Passwall
   707 | D:1      | Reached XP level 3. HP: 29/29 MP: 6/6
   716 | D:1      | Learned a level 3 spell: Stone Arrow
  1364 | D:2      | Reached XP level 4. HP: 36/36 MP: 8/8
  1618 | D:2      | Reached skill level 1 in Conjurations
  2101 | D:3      | Reached XP level 5. HP: 38/41 MP: 0/10
  2128 | D:3      | Reached skill level 4 in Earth Magic
  2301 | D:3      | Learned a level 5 spell: Lee's Rapid Deconstruction
  2331 | D:3      | HP: 3/61 [orc priest/+0 dagger (2)]
  2334 | D:3      | Slain by an orc priest

Skill      XL: |  1  2  3  4  5 |
---------------+----------------+-----
Fighting       | 1 2 |  2.0
Spellcasting   | 3 |  3.9
Conjurations   | 1 |  1.0
Earth Magic    | 4 |  4.0
Dodging        | |  1.7
Stealth        | |  1.7
Transmutations | |  1.0

Action                   |  1- 3 |  4- 6 || total
-------------------------+-------+-------++-------
Melee: Unarmed           |    19 |       ||    19
       Tailslap          |     9 |     4 ||    13
       Short sword       |    56 |       ||    56
       Dagger            |    28 |    70 ||    98
 Cast: Sandblast         |    17 |     3 ||    20
       Stone Arrow       |       |     7 ||     7
       Lee's Rapid Decon |       |     1 ||     1
  Use: Scroll            |       |     2 ||     2
       Potion            |       |     4 ||     4
 Stab: Sleeping          |     3 |       ||     3
  Eat: Chunk             |     2 |     4 ||     6
Armor: Skin              |    29 |    26 ||    55
Dodge: Dodged            |    68 |    43 ||   111
